 Dungeon Crawl Stone Soup version 0.20-a0 (webtiles) character file.

3273 kroki the Grappler (level 9, -29/88 HPs)
             Began as a Troll Monk on Oct 27, 2016.
             Was a Priest of Cheibriados.
             Annihilated by an enormous slime creature (57 damage)
             ... on level 8 of the Dungeon.
             The game lasted 00:06:32 (6781 turns).

kroki the Grappler (Troll Monk)                     Turns: 6781, Time: 00:06:32

Health: -29/88     AC:  6    Str: 28    XL:     9   Next: 68%
Magic:  6/11       EV: 19    Int: 12    God:    Cheibriados [***...]
Gold:   235        SH:  0    Dex: 25    Spells: 2 memorised, 4 levels left

rFire  . . .     SeeInvis .       - Unarmed
rCold  . . .     Gourm    +     a - +0 robe
rNeg   . . .     Faith    .     (no shield)
rPois  .         Spirit   .     (helmet restricted)
rElec  .         Reflect  .     x - +0 cloak
rCorr  .         Harm     .     (gloves unavailable)
MR     .....                    (boots unavailable)
Stlth  +++.......               y - amulet of magic regeneration
                                v - ring of wizardry {Wiz+, !d}
                                u - ring of wizardry {Wiz+, !d}

@: agile, repel missiles, very slow
A: unfitting armour, claws 3, fast metabolism 3, gourmand, regeneration 1,
shaggy fur 1, tough skin 2
a: Bend Time, Temporal Distortion, Renounce Religion


You were on level 8 of the Dungeon.
You worshipped Cheibriados.
Cheibriados was most pleased with you.
You were completely stuffed.

You visited 2 branches of the dungeon, and saw 9 of its levels.
You also visited: Sewer.

You collected 334 gold pieces.
You spent 99 gold pieces at shops.

Inventory:

Armour
 a - a +0 robe (worn)
 x - a +0 cloak (worn)
   (You took it off Crazy Yiuf on level 3 of the Dungeon)
Jewellery
 u - a ring of wizardry (left claw) {Wiz+, !d}
   (You found it on level 4 of the Dungeon)
 v - a ring of wizardry (right claw) {Wiz+, !d}
   (You found it on level 5 of the Dungeon)
 y - an amulet of magic regeneration (around neck)
   (You found it on level 5 of the Dungeon)
Wands
 k - a wand of polymorph (16/24)
   (You found it on level 7 of the Dungeon)
 t - a wand of slowing (30/48)
   (You took it off Terence on level 3 of the Dungeon)
 B - a wand of lightning (6/15)
   (You found it on level 5 of the Dungeon)
 E - a wand of iceblast (14/15)
   (You found it on level 6 of the Dungeon)
Scrolls
 c - 2 scrolls of enchant armour {unknown}
 e - 4 scrolls of remove curse
 i - a scroll of fog {unknown}
 j - 6 scrolls of teleportation {unknown}
 l - 3 scrolls of recharging
 m - a scroll of immolation {!r}
 o - a scroll of fear {unknown}
 r - 4 scrolls of magic mapping {unknown}
 A - 3 scrolls of blinking {unknown}
 D - a scroll of holy word {unknown}
 G - a scroll of amnesia {unknown}
Potions
 d - 2 potions of magic
 g - 4 potions of brilliance
 h - 5 potions of flight {unknown}
 n - a potion of mutation {!q}
 p - a potion of agility
 s - 3 potions of heal wounds
 w - 8 potions of curing
 z - a potion of cure mutation {unknown}
 H - a potion of beneficial mutation {unknown}
Books
 F - a book of Minor Magic
   (You found it on level 6 of the Dungeon)
Comestibles
 b - 8 bread rations {@e1}
 f - a beef jerky
 q - a meat ration {@e2}


   Skills:
 + Level 5.0 Fighting
 + Level 5.4 Dodging
 - Level 1.0 Stealth
 * Level 10.5 Unarmed Combat
 * Level 4.2 Invocations


You had 4 spell levels left.
You knew the following spells:

 Your Spells              Type           Power        Failure   Level  Hunger
b - Blink                 Tloc           N/A          16%         2    ###....
d - Repel Missiles        Chrm/Air       #.....       16%         2    ###....


Dungeon Overview and Level Annotations

Branches:
Dungeon (8/15)             Temple (1/1) D:6
   Lair: D:8-11

Altars:
Ashenzari
Cheibriados
Hepliaklqana
Kikubaaqudgha
Qazlal
Ru
Trog

Shops:
D:7 !([((


Innate Abilities, Weirdness & Mutations

You are too large for most types of armour.
You have claws for hands.
Your metabolism is lightning-fast.
You like to eat raw meat.
Your natural rate of healing is unusually fast.
You are covered in fur. (AC +1)
You have very tough skin. (AC +2)


Message History

You kill the killer bee!
Cheibriados thoroughly appreciates the change of pace.
Your Fighting skill increases to level 5!
The killer bee stings you.
There are monsters nearby!
You mangle the killer bee!!
You kill the killer bee!
Cheibriados thoroughly appreciates the change of pace.
The killer bee completely misses you.
There are monsters nearby!
You claw the killer bee! The killer bee closely misses you.
Two slime creatures merge to form a large slime creature.
There are monsters nearby!
You claw the large slime creature!
Two slime creatures merge to form a very large slime creature.
There are monsters nearby!
You mangle the very large slime creature!!
The very large slime creature hits you!
There are monsters nearby!
You are too injured to fight recklessly!
There are monsters nearby!
You are too injured to fight recklessly!
There are monsters nearby!
You are too injured to fight recklessly!
There are monsters nearby!
You are too injured to fight recklessly!
There are monsters nearby!
You are too injured to fight recklessly!
There are monsters nearby!
You are too injured to fight recklessly!
There are monsters nearby!
You are too injured to fight recklessly!
There are monsters nearby!
You are too injured to fight recklessly!
There are monsters nearby!
You are too injured to fight recklessly!
There are monsters nearby!
You are too injured to fight recklessly!
There are monsters nearby!
You are too injured to fight recklessly!
There are monsters nearby!
You are too injured to fight recklessly!
There are monsters nearby!
You are too injured to fight recklessly!
There are monsters nearby!
You are too injured to fight recklessly!
There are monsters nearby!
You are too injured to fight recklessly!
You take 22 damage, and have 64/88 hp.
MASSIVE DAMAGE!!
The flow of time bends around you.
The very large slime creature resists with some effort.
You feel slightly less full.
Two slime creatures merge to form an enormous slime creature.
You now have 8/11 mp.
Unknown command.
The flow of time bends around you.
The enormous slime creature resists with some effort.
You feel slightly less full.
You now have 5/11 mp.
The flow of time bends around you.
Cheibriados rebukes the enormous slime creature.
The enormous slime creature seems to slow down.
You feel slightly less full.
Cheibriados lowers the support of your attributes as your movement quickens.
You now have 2/11 mp.
Unknown command.
Okay, then.
You feel agile all of a sudden.
The enormous slime creature closely misses you.
Unknown command.
You barely miss the enormous slime creature.
You mangle the enormous slime creature!!
The enormous slime creature misses you.
You mangle the enormous slime creature!!
Your claw misses the enormous slime creature.
You mangle the enormous slime creature!!
The enormous slime creature hits you!!!
Ouch! That really hurt!
* * * LOW HITPOINT WARNING * * *
You take 46 damage, and have 22/88 hp.
MASSIVE DAMAGE!!
The enormous slime creature is no longer moving slowly.
As you read the scroll labeled RALIOW GATHRYN, it crumbles to dust.
It is a scroll of recharging.
Charge which item? (? for menu, Esc to quit)
Your wand of iceblast glows for a moment.
The enormous slime creature closely misses you.
As you read the scroll labeled SYEPRIJARE, it crumbles to dust.
You feel blessed for a moment.
It was a scroll of remove curse.
The enormous slime creature barely misses you.
As you read the scroll labeled QIOFEF RIMYDUTS, it crumbles to dust.
It is a scroll of enchant weapon.
You aren't carrying any weapons that can be enchanted.
The enormous slime creature completely misses you.
As you read the scroll labeled HEIFAE HEODGH, it crumbles to dust.
The creatures around you are filled with an inner flame!
It was a scroll of immolation.
The enormous slime creature hits you!!!
Ouch! That really hurt!
You die...

#.....<.. #
....... # ..... #
... #'# #y# #y#
###### #J# #.....
#@# #..... #.#
#..... #.# #.....
#.# #.....
#.###########.....
#...........'.....
#############(....
######


You could see an enormous slime creature (inner flame) and 2 killer bees.

Vanquished Creatures
  Psyche (D:8)
  Edmund (D:6)
  Duvessa (D:7)
  2 sky beasts
  A black bear (D:8)
  4 ogres
  4 centaurs
  2 big kobolds
  Blork the orc (D:6)
  A bullfrog (D:6)
  Dowan (D:7)
  3 scorpions
  2 killer bees (D:8)
  7 crimson imps
  2 centaur zombies
  A quasit (D:6)
  A bullfrog skeleton (D:7)
  3 centaur skeletons
  Crazy Yiuf (D:3)
  A gnoll shaman (D:5)
  3 hounds
  A jelly (D:8)
  An orc priest (D:6)
  2 orc wizards
  Terence (D:3)
  3 iguanas
  4 worker ants
  A killer bee zombie (D:8)
  A howler monkey zombie (D:6)
  3 worker ant zombies
  Robin (D:3)
  4 gnolls (D:5)
  9 adders
  A river rat (Sewer)
  An ooze (D:1)
  3 adder skeletons
  An adder zombie (D:5)
  2 worms
  6 leopard geckos
  9 orcs
  2 ball pythons
  11 bats
  6 giant cockroaches
  17 goblins
  9 hobgoblins
  14 jackals
  14 kobolds
  5 quokkas
  9 frilled lizards
  2 giant cockroach zombies (D:5)
  A jackal skeleton (D:4)
  2 leopard gecko skeletons (D:5)
  A leopard gecko zombie (D:7)
  A quokka zombie (D:5)
  16 rats
207 creatures vanquished.

Notes
Turn   | Place    | Note
-------+----------+-------------------------------------------
     0 | D:1      | kroki the Troll Monk began the quest for the Orb.
     0 | D:1      | Reached XP level 1. HP: 22/22 MP: 0/0
   283 | D:1      | Reached XP level 2. HP: 29/29 MP: 1/1
   418 | D:1      | Reached skill level 4 in Unarmed Combat
   563 | D:1      | Reached XP level 3. HP: 36/36 MP: 2/2
  1594 | D:2      | Reached XP level 4. HP: 35/44 MP: 3/3
  1854 | D:3      | Reached skill level 5 in Unarmed Combat
  1949 | D:3      | Noticed Terence
  1964 | D:3      | Killed Terence
  2049 | D:3      | Found a faded altar of an unknown god.
  2339 | D:3      | Found a runed door.
  2645 | D:3      | Noticed Robin
  2652 | D:3      | Killed Robin
  2652 | D:3      | Reached XP level 5. HP: 47/50 MP: 4/4
  2758 | D:3      | Noticed Crazy Yiuf
  2764 | D:3      | Killed Crazy Yiuf
  2764 | D:3      | Reached skill level 6 in Unarmed Combat
  2891 | D:4      | Found a glowing drain.
  2902 | Sewer    | Entered a sewer
  3018 | Sewer    | Reached XP level 6. HP: 50/59 MP: 5/5
  3062 | Sewer    | Found a glowing silver altar of Zin.
  3228 | D:4      | Reached skill level 7 in Unarmed Combat
  3644 | D:5      | Entered Level 5 of the Dungeon
  3644 | D:5      | Noticed a sky beast
  3650 | D:5      | Reached skill level 3 in Dodging
  3678 | D:5      | Killed a sky beast
  3678 | D:5      | Reached skill level 3 in Fighting
  3678 | D:5      | Reached XP level 7. HP: 22/67 MP: 6/6
  3954 | D:5      | Reached skill level 8 in Unarmed Combat
  4394 | D:5      | Reached XP level 8. HP: 78/78 MP: 7/7
  4504 | D:6      | Noticed Blork the orc
  4519 | D:6      | Killed Blork the orc
  4527 | D:6      | Reached skill level 4 in Dodging
  4584 | D:6      | Reached skill level 4 in Fighting
  4584 | D:6      | Reached skill level 9 in Unarmed Combat
  4773 | D:6      | Found a staircase to the Ecumenical Temple.
  4808 | Temple   | Entered the Ecumenical Temple
  4819 | Temple   | Became a worshipper of Cheibriados the Contemplative
  4819 | Temple   | Reached * piety under Cheibriados
  4819 | Temple   | Reached ** piety under Cheibriados
  4902 | D:6      | Reached skill level 1 in Invocations
  5096 | D:6      | Reached skill level 2 in Invocations
  5179 | D:6      | Noticed Edmund
  5191 | D:6      | Killed Edmund
  5196 | D:6      | Learned a level 2 spell: Repel Missiles
  5199 | D:6      | Learned a level 2 spell: Blink
  5464 | D:7      | Reached XP level 9. HP: 73/85 MP: 9/9
  5541 | D:7      | Found Lagikkusm's Antique Weapon Shoppe.
  5705 | D:7      | Noticed Duvessa
  5713 | D:7      | Killed Duvessa
  5714 | D:7      | Noticed Dowan
  5728 | D:7      | Killed Dowan
  5728 | D:7      | Reached skill level 3 in Invocations
  5729 | D:7      | HP: 16/85 [centaur/arrow (10)]
  5732 | D:7      | Reached skill level 5 in Dodging
  5732 | D:7      | Reached skill level 10 in Unarmed Combat
  6084 | D:7      | Found Oklag's Weapon Boutique.
  6217 | D:7      | Found Mapseq's Weapon Boutique.
  6227 | D:7      | Found Zigelec's Distillery.
  6231 | D:7      | Bought a potion of curing for 33 gold pieces
  6231 | D:7      | Bought a potion of curing for 33 gold pieces
  6231 | D:7      | Bought a potion of curing for 33 gold pieces
  6287 | D:7      | Found Ycruasathri's Armour Boutique.
  6584 | D:8      | Reached *** piety under Cheibriados
  6618 | D:8      | Noticed Psyche
  6627 | D:8      | Killed Psyche
  6627 | D:8      | Reached skill level 4 in Invocations
  6762 | D:8      | Reached skill level 5 in Fighting
  6774 | D:8      | HP: 22/88 [enormous slime creature (46)]
  6781 | D:8      | Annihilated by an enormous slime creature

Vault maps used:
D:1:      eino_arrival_cavern_a, hex_tiny, bh_walls_and_bars
D:3:      ecumenical_altar_1, uniq_terence, uniq_robin, uniq_crazy_yiuf_cottage
D:4:      portal_sewer_entry_f
D:5:      first_bread, st_stairs_2, serial_park_tiny_2
D:6:      uniq_blork_the_orc, uniq_edmund
D:7:      serial_shops, kennysheep_little_box, shop, nicolae_shop_behind_doors,
          nicolae_shop_crystal, shop, uniq_duvessa
D:8:      uniq_psyche
Temple:   grunt_wide_crystal_templ
Sewer:    sewer_kobolds

Skill      XL: |  1  2  3  4  5  6  7  8  9 |
---------------+----------------------------+-----
Unarmed Combat | 4 5 6 7 8 9 10 | 10.5
Dodging        | 3 4 5 |  5.4
Fighting       | 3 4 5 |  5.0
Invocations    | 2 4 |  4.2
Stealth        | |  1.0

Action                   |  1- 3 |  4- 6 |  7- 9 || total
-------------------------+-------+-------+-------++-------
Melee: Unarmed           |   105 |   199 |   246 ||   550
       Punch             |     2 |     5 |    13 ||    20
 Cast: Repel Missiles    |       |       |     2 ||     2
Invok: Bend Time         |       |       |     3 ||     3
  Use: Scroll            |       |     6 |     5 ||    11
       Potion            |       |       |     1 ||     1
 Stab: Sleeping          |       |       |     1 ||     1
  Eat: Chunk             |    20 |    19 |    22 ||    61
Armor: Robe              |    39 |    63 |    52 ||   154
Dodge: Dodged            |    64 |    66 |   148 ||   278
       Deflected         |       |       |     1 ||     1

Vault maps used:
D:1:      eino_arrival_cavern_a, hex_tiny, bh_walls_and_bars
D:3:      ecumenical_altar_1, uniq_terence, uniq_robin, uniq_crazy_yiuf_cottage
D:4:      portal_sewer_entry_f
D:5:      first_bread, st_stairs_2, serial_park_tiny_2
D:6:      uniq_blork_the_orc, uniq_edmund
D:7:      serial_shops, kennysheep_little_box, shop, nicolae_shop_behind_doors,
          nicolae_shop_crystal, shop, uniq_duvessa
D:8:      uniq_psyche
Temple:   grunt_wide_crystal_templ
Sewer:    sewer_kobolds

Table legend:
 A = Turns spent in this place as a percentage of turns spent in the entire game.
 B = Non-inter-level travel turns spent in this place as a percentage of non-inter-level travel turns spent in the entire game.
 C = Inter-level travel turns spent in this place as a percentage of turns spent in this place.
 D = Turns resting spent in this place as a percentage of non-inter-level travel turns spent in this place.
 E = Turns spent auto-exploring this place as a percentage of non-inter-level travel turns spent in this place.
 F = Non-inter-level travel turns spent in this place divided by the number of levels of this place that you've seen.
                   A       B       C       D       E      F
               +-------+-------+-------+-------+-------+----------------------
         Total | 100.0 | 100.0 |   0.3 |   0.1 |  11.4 | 357.3
       Dungeon |  93.9 |  93.9 |   0.2 |   0.1 |  11.3 | 419.4
        Temple |   0.5 |   0.5 |   5.6 |   0.0 |   0.0 |  17.0
         Sewer |   5.6 |   5.6 |   0.0 |   0.0 |  13.4 | 201.0
               +-------+-------+-------+-------+-------+----------------------

Table legend:
 A = Kills in this place as a percentage of kills in entire the game.
 B = Kills by you in this place as a percentage of kills by you in the entire game.
 C = Kills by friends in this place as a percentage of kills by friends in the entire game.
 D = Other kills in this place as a percentage of other kills in the entire game.
 E = Experience gained in this place as a percentage of experience gained in the entire game.
 F = Experience gained in this place divided by the number of levels of this place that you have seen.
                   A       B       C       D       E      F
               +-------+-------+-------+-------+-------+----------------------
         Total | 100.0 | 100.0 |  -nan |  -nan | 100.0 | 467.6
       Dungeon |  94.7 |  94.7 |  -nan |  -nan |  97.2 | 568.4
         Sewer |   5.3 |   5.3 |  -nan |  -nan |   2.8 | 129.0
               +-------+-------+-------+-------+-------+----------------------
